AoeStats
← LucasOliveira98

Arabia

510425127Analyzed
1v1 RM · 14h ago on Oct 1, 2026· 25m 43s· 2 players
Game mode
Random Map
Map size
Tiny (2 player)
Population
200
Speed
Normal
Resources
Standard
Victory
Conquest
Starting age
Dark Age
Ending age
Imperial Age
RankedLock teamsTeams togetherTeam positionsShared explorationLock speedFull tech treeHidden civsTurbo modeCheats
Victory
Defeat
🇧🇷 Burmese · Brazil
838
+17
🇮🇳 Magyars · India
862
-17
LucasOliveira98
6:14 Loom
9:47 Feudal Age
13:13 Man-at-Arms
25:38 Castle Age
23:53 Fletching
25:01 Forging
BlooD_LinE
10:06 Feudal Age
18:29 Bloodlines
21:11 Loom
26:10 Scale Barding Armor
Connection lost

Rejoining the realm…

Still unreachable

The connection could not be restored.

Session expired

The server has moved on; the page needs a fresh start.